[Event "Friday 13 April Rapid ET, 12+2, 7 rds, 16.00 ST"]
[Site "Infinity Chess"]
[Date "2018.4.13"]
[Round "5"]
[White "RonWeasley"]
[Black "Murx"]
[Result "1/2-1/2"]
[ECO "D30"]
[WhiteElo "2475"]
[BlackElo "2448"]
[WhiteEngine "BrainFish 090218_CTG"]
[BlackEngine "asmFishW_2018-04-07_popcnt"]
[EventType "Swiss"]
[WhiteTeam ""]
[BlackTeam ""]
[PlyCount "120"]
[TimeControl "720+2"]

1. d4 d5 2. c4 e6 3. Nf3 Nf6 4. Nc3 c6 5. Bg5 h6 6. Bxf6 Qxf6 7. e3 Nd7 
8. Be2 g6 9. O-O Bg7 10. e4 dxe4 11. Nxe4 Qf4 12. Qc2 f5 13. Ned2 c5 14. g3 Qc7 
15. Nh4 Bxd4 16. Nxg6 Rg8 17. Nh4 Nf6 18. Ndf3 Rxg3+ 19. hxg3 Qxg3+ 20. Ng2 Ng4 
21. Qd2 Bxf2+ 22. Rxf2 Qxf2+ 23. Kh1 Bd7 24. Ne5 O-O-O 25. Nxg4 fxg4 26. Rd1 h5 
27. b3 b6 28. Qd3 Qf5 29. Kg1 Qxd3 30. Rxd3 Be8 31. Kf2 Rxd3 32. Bxd3 Kd7 
33. Kg3 Ke7 34. Nf4 Kf6 35. Kh4 Ke5 36. Ne2 Kd6 37. Be4 Ke5 38. Bh7 Bf7 
39. Kg3 a6 40. Nc3 Be8 41. Ne2 Bf7 42. Bc2 Kf6 43. Kh4 Ke5 44. Bd3 Be8 
45. Kg5 Bf7 46. Bh7 Be8 47. Bd3 b5 48. a3 bxc4 49. Bxc4 Bb5 50. Bxb5 axb5 
51. Kxh5 c4 52. bxc4 bxc4 53. a4 Kd6 54. a5 Kd5 55. a6 Kc6 56. a7 Kb7 
57. a8=R Kxa8 58. Kxg4 c3 59. Nxc3 Kb7 60. Nb5 Kb6 1/2-1/2

[Event "Friday 13 April Rapid ET, 12+2, 7 rds, 16.00 ST"]
[Site "Infinity Chess"]
[Date "2018.4.13"]
[Round "5"]
[White "MCDermont"]
[Black "Eman"]
[Result "1/2-1/2"]
[ECO "C55"]
[WhiteElo "2484"]
[BlackElo "2465"]
[WhiteEngine "BrainFish 090218"]
[BlackEngine "Eman 1.70-beta20 64-bit POPCNT"]
[EventType "Swiss"]
[WhiteTeam ""]
[BlackTeam ""]
[PlyCount "125"]
[TimeControl "720+2"]

1. e4 e5 2. Nf3 Nc6 3. Bc4 Nf6 4. d3 Bc5 5. c3 d6 6. O-O O-O 7. Nbd2 a5 
8. Re1 Be6 9. Bb5 Ba7 10. h3 Ne7 11. Bc4 Nc6 12. b3 h6 13. Nf1 d5 14. exd5 Nxd5 
15. Bd2 Qf6 16. N1h2 Rad8 17. Rc1 Nf4 18. Bxf4 Bxc4 19. bxc4 Qxf4 20. Qc2 f5 
21. Rb1 e4 22. dxe4 fxe4 23. Qxe4 Bxf2+ 24. Kxf2 Qxh2 25. Re2 Rf4 26. Rxb7 Rdf8 
27. Qxc6 Rxf3+ 28. Qxf3 Rxf3+ 29. Kxf3 Qd6 30. Kf2 Qf4+ 31. Kg1 Qxc4 
32. Re3 Qxa2 33. Re8+ Kh7 34. Rxc7 a4 35. Ree7 Qb1+ 36. Kh2 a3 37. Rxg7+ Kh8 
38. Ra7 a2 39. Rge7 Qb8+ 40. Kg1 Qb6+ 41. Kh1 Qb1+ 42. Kh2 Qb8+ 43. Kg1 h5 
44. Kh1 Kg8 45. Rg7+ Kf8 46. Raf7+ Ke8 47. Ra7 Qb1+ 48. Kh2 Qb8+ 49. Kg1 Qb1+ 
50. Kh2 Kf8 51. Rgd7 Qb8+ 52. Kg1 Qb1+ 53. Kh2 Qb8+ 54. Kg1 h4 55. Rf7+ Kg8 
56. Rg7+ Kh8 57. Rgf7 Kg8 58. Rg7+ Kf8 59. Rgd7 Qb1+ 60. Kh2 Qb8+ 61. Kg1 Qb1+ 
62. Kh2 Qb8+ 63. Kg1 1/2-1/2

[Event "Friday 13 April Rapid ET, 12+2, 7 rds, 16.00 ST"]
[Site "Infinity Chess"]
[Date "2018.4.13"]
[Round "5"]
[White "TasicV"]
[Black "KhalidOmar"]
[Result "1/2-1/2"]
[ECO "B90"]
[WhiteElo "2439"]
[BlackElo "2464"]
[WhiteEngine "S_XPrO.020418.64.BMI2_CTG"]
[BlackEngine "Eman 1.70-beta20 64-bit BMI2"]
[EventType "Swiss"]
[WhiteTeam ""]
[BlackTeam ""]
[PlyCount "86"]
[TimeControl "720+2"]

1. e4 c5 2. Nf3 d6 3. d4 cxd4 4. Nxd4 Nf6 5. Nc3 a6 6. Be3 e5 7. Nb3 Be6 
8. f3 Be7 9. Qd2 Nbd7 10. g4 O-O 11. O-O-O b5 12. g5 Nh5 13. Nd5 Bxd5 
14. exd5 f6 15. gxf6 Bxf6 16. Na5 Qe8 17. Bh3 Nf4 18. Bxf4 exf4 19. Rhe1 Ne5 
20. Re4 Kh8 21. Qe2 Qh5 22. Be6 g6 23. h3 Qg5 24. a3 Ra7 25. Kb1 Rc7 26. c3 Kg7 
27. Ka2 Qg3 28. Nc6 Nc4 29. Rh1 h5 30. Qc2 Ne3 31. Qb1 Qxf3 32. Rg1 g5 
33. Re5 Kh6 34. Nd4 Qf2 35. Nf5+ Nxf5 36. Rxf5 Rxc3 37. h4 Rxa3+ 38. Kxa3 Qc5+ 
39. b4 Qe3+ 40. Ka2 Qe2+ 41. Ka3 Qe3+ 42. Ka2 Qd2+ 43. Ka3 Qe3+ 1/2-1/2

[Event "Friday 13 April Rapid ET, 12+2, 7 rds, 16.00 ST"]
[Site "Infinity Chess"]
[Date "2018.4.13"]
[Round "5"]
[White "CrapCleaner"]
[Black "hafaba"]
[Result "1/2-1/2 "]
[ECO "C50"]
[WhiteElo "2477"]
[BlackElo "2475"]
[WhiteEngine "Raubfisch X38b_CTG"]
[BlackEngine "Eman 1.70-beta18x 64-bit POPCNT_CTG"]
[EventType "Swiss"]
[WhiteTeam ""]
[BlackTeam ""]
[PlyCount "163"]
[TimeControl "720+2"]

1. e4 e5 2. Nf3 Nc6 3. Bc4 Bc5 4. O-O Nf6 5. d3 d6 6. c3 O-O 7. Bg5 a5 8. a4 h6 
9. Bh4 g5 10. Bg3 Kg7 11. Na3 Ne7 12. Nc2 Bb6 13. Bb3 Ng6 14. Ne3 Bxe3 
15. fxe3 Nh5 16. Be1 g4 17. Nd2 Qg5 18. Qe2 f5 19. exf5 Bxf5 20. Rb1 Rae8 
21. Bf2 Ne7 22. e4 Nf4 23. Qe3 Bc8 24. Kh1 Qh5 25. d4 b6 26. dxe5 dxe5 
27. Bc4 Bb7 28. Kg1 Nc8 29. Rfe1 Nd6 30. Bf1 Ra8 31. b4 Rf7 32. Bg3 Qg5 
33. bxa5 Rxa5 34. Nc4 Rxa4 35. Nxd6 cxd6 36. Qxb6 Bxe4 37. Rbd1 d5 38. Qb3 Rfa7 
39. c4 Ra2 40. Qe3 Bxg2 41. Bxg2 Nxg2 42. Qxg5+ hxg5 43. Rxe5 dxc4 44. Rxg5+ Kh7 
45. Rxg4 Ne3 46. Rh4+ Kg6 47. Re1 Ra1 48. Re4 Rxe1+ 49. Bxe1 Ra3 50. Kf2 Nd1+ 
51. Ke2 c3 52. Kxd1 Ra1+ 53. Kc2 Ra2+ 54. Kb1 c2+ 55. Kc1 Ra1+ 56. Kxc2 Ra2+ 
57. Kb3 Rxh2 58. Rg4+ Kf5 59. Rg1 Re2 60. Bc3 Re4 61. Rh1 Re6 62. Rf1+ Ke4 
63. Ra1 Rb6+ 64. Bb4 Rb8 65. Kc4 Kf3 66. Ba5 Ke3 67. Be1 Rc8+ 68. Kd5 Rd8+ 
69. Ke6 Ke4 70. Bc3 Re8+ 71. Kf6 Rg8 72. Re1+ Kd3 73. Bb2 Rf8+ 74. Kg6 Kd2 
75. Rh1 Rf2 76. Rh3 Ke2 77. Bc3 Rf3 78. Rh2+ Kd3 79. Bf6 Kc4 80. Ba1 Kd5 
81. Rh4 Ke6 82. Re4+ 1/2-1/2

[Event "Friday 13 April Rapid ET, 12+2, 7 rds, 16.00 ST"]
[Site "Infinity Chess"]
[Date "2018.4.13"]
[Round "4"]
[White "star99"]
[Black "Deep_Impact"]
[Result "0-1 "]
[ECO "B11"]
[WhiteElo "2403"]
[BlackElo "2389"]
[WhiteEngine "Cryptic Heroes 9.4B"]
[BlackEngine "BrainFish_180323_x64_bmi2"]
[EventType "Swiss"]
[WhiteTeam ""]
[BlackTeam ""]
[PlyCount "128"]
[TimeControl "720+2"]

1. e4 c6 2. Nc3 d5 3. d4 dxe4 4. Nxe4 Bf5 5. Ng3 Bg6 6. Nf3 e6 7. Bc4 Nf6 
8. O-O Bd6 9. Qe2 Nbd7 10. c3 b5 11. Bd3 Bxd3 12. Qxd3 O-O 13. Re1 Qc7 
14. Ne4 Nxe4 15. Rxe4 Rfe8 16. Rg4 e5 17. Qc2 exd4 18. Bh6 Bf8 19. Nxd4 Ne5 
20. Rg3 c5 21. Nf5 Ng6 22. Be3 Re5 23. a4 bxa4 24. h3 Qd7 25. Rg5 h6 26. Rh5 Rd8 
27. Ng3 a3 28. Rxa3 Re6 29. Ra1 Qb7 30. b3 Be7 31. Kh1 Nh4 32. Rg1 g6 
33. Rxh6 Qd5 34. b4 Rxe3 35. fxe3 Bg5 36. Ne4 Nf5 37. Nxg5 Ng3+ 38. Kh2 Qxg5 
39. bxc5 Nf5 40. Rxg6+ fxg6 41. Qa2+ Kh7 42. Qxa7+ Kh6 43. Qc7 Nxe3 44. Qg3 Rc8 
45. Re1 Qxg3+ 46. Kxg3 Nf5+ 47. Kf4 Rxc5 48. g4 Nh4 49. Rc1 Rc4+ 50. Ke3 Kg5 
51. Rc2 Kf6 52. Kd3 Rf4 53. c4 Rf3+ 54. Ke4 Rxh3 55. c5 Rg3 56. Kf4 Rg1 
57. c6 g5+ 58. Ke3 Rg3+ 59. Ke4 Rxg4+ 60. Kd3 Rg3+ 61. Kc4 Ke7 62. Kb5 Kd8 
63. Rc5 Kc8 64. Rd5 Rg2 0-1

[Event "Friday 13 April Rapid ET, 12+2, 7 rds, 16.00 ST"]
[Site "Infinity Chess"]
[Date "2018.4.13"]
[Round "4"]
[White "Vimtiroba"]
[Black "ocirema"]
[Result "1/2-1/2"]
[ECO "C50"]
[WhiteElo "2412"]
[BlackElo "2422"]
[WhiteEngine "SF9 ''A5''_CTG"]
[BlackEngine "asmFishW_2018-04-08_popcnt_CTG"]
[EventType "Swiss"]
[WhiteTeam ""]
[BlackTeam ""]
[PlyCount "87"]
[TimeControl "720+2"]

1. e4 e5 2. Nf3 Nc6 3. Bc4 Bc5 4. d3 Nf6 5. c3 d6 6. O-O O-O 7. h3 a5 8. Nbd2 h6 
9. b3 Be6 10. Re1 Bb6 11. Bxe6 fxe6 12. Nc4 Bc5 13. Be3 Bxe3 14. Rxe3 b5 
15. Ncd2 b4 16. Qc1 Qe8 17. d4 bxc3 18. Qxc3 exd4 19. Nxd4 Nxd4 20. Qxd4 a4 
21. Rc1 axb3 22. Rxb3 Qf7 23. a3 c5 24. Qe3 Qg6 25. Rb6 Rfd8 26. Qb3 Nh5 
27. Qe3 Qf7 28. g3 Nf6 29. Qb3 Kh8 30. Rb7 Qh5 31. Qxe6 Qe2 32. Rb2 Re8 
33. Qxd6 Rad8 34. Qf4 Nxe4 35. Nc4 Qh5 36. Ne3 Ng5 37. Qg4 Qf7 38. Rxc5 Rxe3 
39. fxe3 Nf3+ 40. Kg2 Ne1+ 41. Kh2 Nf3+ 42. Kg2 Ne1+ 43. Kh2 Nf3+ 44. Kg2 
1/2-1/2

[Event "Friday 13 April Rapid ET, 12+2, 7 rds, 16.00 ST"]
[Site "Infinity Chess"]
[Date "2018.4.13"]
[Round "4"]
[White "angriff"]
[Black "KQRBNP"]
[Result "1/2-1/2 "]
[ECO "A05"]
[WhiteElo "2380"]
[BlackElo "2398"]
[WhiteEngine "DracoREX 3.07 64BIT POPCNT_CTG"]
[BlackEngine "Eman 1.70-beta20 64-bit POPCNT"]
[EventType "Swiss"]
[WhiteTeam ""]
[BlackTeam ""]
[PlyCount "121"]
[TimeControl "720+2"]

1. Nf3 Nf6 2. d4 d5 3. e3 e6 4. c4 Be7 5. Nc3 O-O 6. a3 c5 7. cxd5 Nxd5 
8. Bd3 Nxc3 9. bxc3 Nc6 10. Qc2 h6 11. O-O b6 12. Bb2 Bb7 13. Rad1 Qc7 
14. e4 Na5 15. Qe2 Rad8 16. Ne5 Bd6 17. f4 Bxe5 18. fxe5 Rd7 19. Qg4 Nc6 
20. Bb5 a6 21. Bxc6 Qxc6 22. d5 exd5 23. Rf6 Qc7 24. Rxh6 Re7 25. Rd3 Re6 
26. Rxe6 dxe4 27. Rdd6 Bc8 28. Bc1 Bxe6 29. Qg3 Bf5 30. Qg5 Be6 31. Qg3 Bf5 
32. Qg5 Be6 33. h4 Re8 34. h5 Qe7 35. Qg3 Kh7 36. Bg5 Qb7 37. Be3 Qe7 
38. Bg5 Qb7 39. Qf2 b5 40. h6 e3 41. Qxe3 g6 42. Qf2 Qc8 43. Qf3 Rg8 44. Rc6 Qa8 
45. Rxc5 Qa7 46. Qf2 Qa8 47. Qd4 Qb7 48. Kh2 Re8 49. Qf4 Rg8 50. Qd4 Rh8 
51. Qe3 Rg8 52. Qd3 Bc4 53. Qf3 Qa7 54. Rc6 Qd7 55. Kg3 a5 56. Rb6 Qf5 
57. Qxf5 gxf5 58. Kh4 Rc8 59. Bd2 Rg8 60. Bg5 Rc8 61. g3 1/2-1/2

[Event "Friday 13 April Rapid ET, 12+2, 7 rds, 16.00 ST"]
[Site "Infinity Chess"]
[Date "2018.4.13"]
[Round "4"]
[White "OlivierEvan"]
[Black "Katzenmaier"]
[Result "1/2-1/2"]
[ECO "D30"]
[WhiteElo "2404"]
[BlackElo "2493"]
[WhiteEngine "Houdini 6"]
[BlackEngine "Raubfisch X36b"]
[EventType "Swiss"]
[WhiteTeam ""]
[BlackTeam ""]
[PlyCount "95"]
[TimeControl "720+2"]

1. d4 d5 2. c4 e6 3. Nf3 Nf6 4. Nc3 Be7 5. Bf4 O-O 6. e3 Nbd7 7. c5 Nh5 
8. a3 Nxf4 9. exf4 c6 10. Bd3 b6 11. b4 a5 12. O-O Ba6 13. g3 Qc8 14. Na4 Bxd3 
15. Qxd3 b5 16. Nc3 Bf6 17. Rfb1 axb4 18. Rxb4 Bd8 19. a4 Ba5 20. Rb3 Bxc3 
21. Rxc3 Rxa4 22. Rxa4 bxa4 23. Ra3 Qb7 24. Rxa4 Ra8 25. Rxa8+ Qxa8 26. Kg2 Nf8 
27. h4 h5 28. Ne5 Qb7 29. Qd1 f6 30. Nd3 Qb5 31. Ne1 Qc4 32. Kg1 e5 
33. dxe5 fxe5 34. Nd3 exf4 35. Nxf4 Qxc5 36. Qxh5 Qe7 37. Qf5 Qe4 38. Qxe4 dxe4 
39. f3 exf3 40. Kf2 Kf7 41. Kxf3 Kf6 42. Nd3 Ng6 43. Nc5 Ne5+ 44. Kf4 Ng6+ 
45. Kg4 Ne5+ 46. Kf4 Ng6+ 47. Kf3 Ne5+ 48. Kf4 1/2-1/2

[Event "Friday 13 April Rapid ET, 12+2, 7 rds, 16.00 ST"]
[Site "Infinity Chess"]
[Date "2018.4.13"]
[Round "4"]
[White "Marsell"]
[Black "Time_bandit"]
[Result "1/2-1/2"]
[ECO "C55"]
[WhiteElo "2441"]
[BlackElo "2457"]
[WhiteEngine "BrainFish_180408_x64_bmi2"]
[BlackEngine "asmFishW_2018-02-02_popcnt"]
[EventType "Swiss"]
[WhiteTeam ""]
[BlackTeam ""]
[PlyCount "98"]
[TimeControl "720+2"]

1. e4 e5 2. Nf3 Nc6 3. Bc4 Nf6 4. d3 Bc5 5. c3 d6 6. O-O a5 7. Bg5 Ba7 
8. Nbd2 h6 9. Bh4 Qe7 10. Bb5 g5 11. Bg3 O-O 12. Nc4 Nh5 13. Bxc6 bxc6 
14. Nxa5 Nxg3 15. hxg3 Bd7 16. Qd2 f6 17. Nc4 h5 18. Ne3 Qh7 19. a4 h4 
20. g4 Bxe3 21. Qxe3 Bxg4 22. a5 Kf7 23. d4 Ke8 24. Nd2 Be6 25. f3 Qh5 26. b4 g4 
27. fxg4 Qxg4 28. Rf2 Rg8 29. Nf1 Ke7 30. Qd3 Qh5 31. a6 Rg5 32. c4 Qg6 
33. d5 h3 34. g3 cxd5 35. cxd5 Bxd5 36. Qxd5 Rxg3+ 37. Nxg3 Qxg3+ 38. Kf1 h2 
39. Ke2 Rxa6 40. Rh1 Ra3 41. Rhxh2 Qe3+ 42. Kf1 Ra1+ 43. Kg2 Qg5+ 44. Kf3 Ra3+ 
45. Ke2 Qe3+ 46. Kf1 Ra1+ 47. Kg2 Qg5+ 48. Kf3 Ra3+ 49. Ke2 Qe3+ 1/2-1/2

[Event "Friday 13 April Rapid ET, 12+2, 7 rds, 16.00 ST"]
[Site "Infinity Chess"]
[Date "2018.4.13"]
[Round "4"]
[White "Murx"]
[Black "Eman"]
[Result "1/2-1/2"]
[ECO "A22"]
[WhiteElo "2447"]
[BlackElo "2466"]
[WhiteEngine "asmFishW_2018-04-07_popcnt"]
[BlackEngine "Eman 1.70-beta20 64-bit POPCNT"]
[EventType "Swiss"]
[WhiteTeam ""]
[BlackTeam ""]
[PlyCount "119"]
[TimeControl "720+2"]

1. c4 e5 2. Nc3 Nf6 3. Nf3 Nc6 4. g3 d5 5. cxd5 Nxd5 6. Bg2 Nb6 7. O-O Be7 
8. d3 O-O 9. Be3 Be6 10. a3 a6 11. Rc1 f5 12. b4 Kh8 13. Qd2 Bf6 14. Ng5 Bg8 
15. Bxc6 bxc6 16. Nf3 Re8 17. Bg5 e4 18. Bxf6 Qxf6 19. Nh4 Rad8 20. Qc2 exd3 
21. exd3 c5 22. bxc5 Nd7 23. Rfe1 Rxe1+ 24. Rxe1 Nxc5 25. d4 Qxd4 26. Rd1 Qf6 
27. Rxd8 Qxd8 28. Qxf5 Nb3 29. Nf3 Nd4 30. Nxd4 Qxd4 31. Qf3 c5 32. Qe3 h6 
33. Qxd4 cxd4 34. Ne4 Bd5 35. Nc5 Kg8 36. f4 Kf7 37. Kf2 a5 38. Ke2 Bc4+ 
39. Kd2 Kf6 40. Nb7 a4 41. Nd6 Bf1 42. g4 Bh3 43. Ne4+ Ke6 44. g5 Kd5 
45. gxh6 gxh6 46. Nf6+ Kc4 47. Ne4 Kd5 48. Nf6+ Kc4 49. Ne4 Bg2 50. Nd6+ Kc5 
51. Nf5 Kd5 52. Nxh6 Ke4 53. Ke2 Bh1 54. f5 Bf3+ 55. Kd2 Ke5 56. h4 Be4 
57. h5 Bxf5 58. Nxf5 Kxf5 59. h6 Kg6 60. h7 1/2-1/2

[Event "Friday 13 April Rapid ET, 12+2, 7 rds, 16.00 ST"]
[Site "Infinity Chess"]
[Date "2018.4.13"]
[Round "4"]
[White "RonWeasley"]
[Black "MCDermont"]
[Result "1/2-1/2"]
[ECO "D30"]
[WhiteElo "2475"]
[BlackElo "2484"]
[WhiteEngine "BrainFish 090218_CTG"]
[BlackEngine "BrainFish 090218"]
[EventType "Swiss"]
[WhiteTeam ""]
[BlackTeam ""]
[PlyCount "56"]
[TimeControl "720+2"]

1. d4 d5 2. c4 e6 3. Nf3 Nf6 4. Nc3 dxc4 5. e4 Bb4 6. Bg5 c5 7. Bxc4 cxd4 
8. Nxd4 Bxc3+ 9. bxc3 Qa5 10. Bb5+ Bd7 11. Bxf6 gxf6 12. Bxd7+ Nxd7 13. O-O a6 
14. Rb1 Qc7 15. Qh5 Nc5 16. Qh6 Qe5 17. Rb4 Rc8 18. Nf3 Qxc3 19. Rd4 Ke7 
20. e5 Nd7 21. Re4 Rhd8 22. h3 Rc5 23. Rf4 Rg8 24. Qxh7 Rg6 25. Nh4 Rg5 
26. Nf3 Rg6 27. Nh4 Rg5 28. Nf3 Rg6 1/2-1/2

[Event "Friday 13 April Rapid ET, 12+2, 7 rds, 16.00 ST"]
[Site "Infinity Chess"]
[Date "2018.4.13"]
[Round "4"]
[White "KhalidOmar"]
[Black "CrapCleaner"]
[Result "1/2-1/2"]
[ECO "D02"]
[WhiteElo "2463"]
[BlackElo "2478"]
[WhiteEngine "Eman 1.70-beta20 64-bit BMI2"]
[BlackEngine "Raubfisch X38b_CTG"]
[EventType "Swiss"]
[WhiteTeam ""]
[BlackTeam ""]
[PlyCount "71"]
[TimeControl "720+2"]

1. d4 d5 2. Nf3 Nf6 3. c4 e6 4. Nc3 c6 5. e3 Nbd7 6. Qc2 Bd6 7. Bd3 dxc4 
8. Bxc4 O-O 9. O-O b5 10. Bd3 Bb7 11. e4 e5 12. h3 a6 13. dxe5 Nxe5 
14. Nxe5 Bxe5 15. Be3 Re8 16. a4 Bd4 17. axb5 axb5 18. Rxa8 Bxa8 19. Bxd4 Qxd4 
20. Rd1 Qa7 21. Ne2 Qe7 22. Nd4 c5 23. Nxb5 Bxe4 24. Bxe4 Qxe4 25. Qxe4 Nxe4 
26. Rd5 f6 27. f3 Rb8 28. Nc7 Ng3 29. Kf2 Nh1+ 30. Ke3 Rb3+ 31. Kf4 Rxb2 
32. Rd8+ Kf7 33. Rd7+ Kg8 34. Rd8+ Kf7 35. Rd7+ Kg8 36. Rd8+ 1/2-1/2

[Event "Friday 13 April Rapid ET, 12+2, 7 rds, 16.00 ST"]
[Site "Infinity Chess"]
[Date "2018.4.13"]
[Round "4"]
[White "hafaba"]
[Black "TasicV"]
[Result "1/2-1/2"]
[ECO "C50"]
[WhiteElo "2477"]
[BlackElo "2437"]
[WhiteEngine "Eman 1.70-beta18x 64-bit POPCNT_CTG"]
[BlackEngine "S_XPrO.020418.64.BMI2_CTG"]
[EventType "Swiss"]
[WhiteTeam ""]
[BlackTeam ""]
[PlyCount "78"]
[TimeControl "720+2"]

1. e4 e5 2. Nf3 Nc6 3. Bc4 Bc5 4. O-O Nf6 5. d3 d6 6. c3 a5 7. Re1 Ba7 
8. Nbd2 O-O 9. h3 h6 10. Nf1 Be6 11. Bb5 Ne7 12. Ng3 c6 13. Ba4 b5 14. Bc2 a4 
15. d4 Ng6 16. Be3 Bb6 17. Qd2 Re8 18. b3 Bc7 19. Red1 Ra5 20. bxa4 bxa4 
21. Qc1 Qe7 22. Re1 Rb8 23. Bd3 Raa8 24. Qc2 a3 25. Rab1 Rxb1 26. Rxb1 d5 
27. exd5 Bxd5 28. Bxg6 exd4 29. Nf5 Qd7 30. Nxh6+ gxh6 31. Bxd4 Bxf3 
32. gxf3 Ra5 33. Bxf6 Qxh3 34. Rb7 Rg5+ 35. Bxg5 Bh2+ 36. Kh1 Bd6+ 37. Kg1 Bh2+ 
38. Kh1 Bd6+ 39. Kg1 Bh2+ 1/2-1/2

[Event "Friday 13 April Rapid ET, 12+2, 7 rds, 16.00 ST"]
[Site "Infinity Chess"]
[Date "2018.4.13"]
[Round "3"]
[White "Deep_Impact"]
[Black "Vimtiroba"]
[Result "1/2-1/2"]
[ECO "D43"]
[WhiteElo "2388"]
[BlackElo "2413"]
[WhiteEngine "BrainFish_180323_x64_bmi2"]
[BlackEngine "SF9 ''A5''_CTG"]
[EventType "Swiss"]
[WhiteTeam ""]
[BlackTeam ""]
[PlyCount "142"]
[TimeControl "720+2"]

1. d4 d5 2. c4 e6 3. Nc3 Nf6 4. Nf3 c6 5. Bg5 h6 6. Bxf6 Qxf6 7. e3 Nd7 
8. Be2 Bd6 9. O-O Qe7 10. e4 dxe4 11. Nxe4 Bc7 12. Re1 O-O 13. Bd3 Rd8 
14. Qe2 c5 15. d5 exd5 16. cxd5 Bd6 17. Qc2 Ne5 18. Nxe5 Qxe5 19. Ng3 Qxd5 
20. Rad1 Qc6 21. Bc4 Qc7 22. Qg6 Be6 23. Bxe6 Bxg3 24. Rxd8+ Rxd8 25. hxg3 fxe6 
26. Qxe6+ Qf7 27. Qe4 Rd4 28. Qe5 b6 29. b3 Rd2 30. Re2 Rd5 31. Qe3 Rd1+ 
32. Re1 Rxe1+ 33. Qxe1 Qg6 34. Qe5 Qc2 35. Kh2 Qxf2 36. Qb8+ Qf8 37. Qxa7 Qd8 
38. a3 Kf8 39. Qb7 Qd6 40. Qe4 Kg8 41. a4 g5 42. Qf3 Kg7 43. Qe3 Qf6 44. Qe4 Qf7 
45. Qe5+ Qf6 46. Qd5 Kg6 47. Qe4+ Kf7 48. b4 cxb4 49. Qxb4 Qe6 50. Qd4 Qf6 
51. Qd3 Kg8 52. g4 Qc6 53. Qd4 Kf7 54. Kg1 Qc1+ 55. Kf2 Qc6 56. Kg1 Qc1+ 
57. Kf2 Qc7 58. Qd5+ Kg7 59. Qe4 Kf6 60. Kf3 Kg7 61. Ke2 Kf6 62. Kf2 Kg7 
63. g3 Qf7+ 64. Kg2 Qf6 65. Qb7+ Kg6 66. Qe4+ Kg7 67. Kh3 Qf1+ 68. Kh2 Qf2+ 
69. Kh3 Qf1+ 70. Kh2 Qf2+ 71. Kh3 Qf1+ 1/2-1/2

[Event "Friday 13 April Rapid ET, 12+2, 7 rds, 16.00 ST"]
[Site "Infinity Chess"]
[Date "2018.4.13"]
[Round "3"]
[White "ocirema"]
[Black "star99"]
[Result "1/2-1/2"]
[ECO "B53"]
[WhiteElo "2423"]
[BlackElo "2402"]
[WhiteEngine "asmFishW_2018-04-08_popcnt_CTG"]
[BlackEngine "Cryptic Heroes 9.4B"]
[EventType "Swiss"]
[WhiteTeam ""]
[BlackTeam ""]
[PlyCount "65"]
[TimeControl "720+2"]

1. e4 c5 2. Nf3 d6 3. d4 Nf6 4. Nc3 cxd4 5. Nxd4 a6 6. Be3 b6 7. f3 e5 
8. Nde2 Be6 9. g4 d5 10. g5 d4 11. gxf6 dxe3 12. Qxd8+ Kxd8 13. Nd5 Bxd5 
14. fxg7 Bxg7 15. exd5 Nd7 16. Ng3 e4 17. fxe4 Bxb2 18. Rb1 Be5 19. Bd3 b5 
20. Nf5 Rg8 21. Ke2 Rg2+ 22. Kf3 Rg6 23. h4 Kc7 24. Kxe3 Rag8 25. c4 Rg3+ 
26. Nxg3 Rxg3+ 27. Ke2 Nc5 28. d6+ Kd7 29. Rhd1 Ne6 30. Kf2 Nc5 31. Ke2 Ne6 
32. Kf2 Nc5 33. Ke2 1/2-1/2

[Event "Friday 13 April Rapid ET, 12+2, 7 rds, 16.00 ST"]
[Site "Infinity Chess"]
[Date "2018.4.13"]
[Round "3"]
[White "Katzenmaier"]
[Black "angriff"]
[Result "1/2-1/2"]
[ECO "C50"]
[WhiteElo "2498"]
[BlackElo "2375"]
[WhiteEngine "Raubfisch X36b"]
[BlackEngine "DracoREX 3.07 64BIT POPCNT_CTG"]
[EventType "Swiss"]
[WhiteTeam ""]
[BlackTeam ""]
[PlyCount "181"]
[TimeControl "720+2"]

1. e4 e5 2. Nf3 Nc6 3. Bc4 Bc5 4. O-O Nf6 5. d3 d6 6. c3 O-O 7. h3 a5 8. Re1 h6 
9. Nbd2 Be6 10. a4 Ba7 11. b3 Nd7 12. Ra2 Bc5 13. Nf1 Nb6 14. Bxe6 fxe6 
15. d4 exd4 16. cxd4 Bb4 17. Bd2 Qf6 18. Re3 Qf7 19. Rc2 d5 20. Ng3 dxe4 
21. Rxe4 Nd5 22. Bxb4 axb4 23. Rxc6 bxc6 24. Qc2 Qe8 25. Ne5 Nc3 26. Rg4 Rd8 
27. Kh2 Rd5 28. Qd2 Rf6 29. Qe1 h5 30. Rg5 Rh6 31. Qe3 h4 32. Ne4 Nxe4 
33. Qxe4 c5 34. dxc5 Rh5 35. Rxh5 Qxh5 36. f4 Qf5 37. Qxb4 Qf8 38. Nf3 Qxc5 
39. Qe1 Qb6 40. Qxh4 Qe3 41. Ng5 Rf5 42. Qh7+ Kf8 43. Qh8+ Ke7 44. Qxg7+ Kd6 
45. Nf7+ Kd5 46. g3 c5 47. Kh1 Qe4+ 48. Kh2 Qc2+ 49. Kg1 Qxb3 50. Ne5 Ke4 
51. Kf2 c4 52. Qc7 Qa2+ 53. Ke1 Qb1+ 54. Kf2 Qa2+ 55. Ke1 Qb1+ 56. Kd2 Qb2+ 
57. Ke1 Qc1+ 58. Kf2 Qe3+ 59. Kg2 Qe2+ 60. Kg1 Qd1+ 61. Kf2 Qd2+ 62. Kg1 Qe3+ 
63. Kg2 Qd2+ 64. Kg1 Qd1+ 65. Kf2 Qc2+ 66. Ke1 Rxe5 67. Qxe5+ Kf3 68. Qh5+ Ke3 
69. Qc5+ Kf3 70. Qc6+ Kxg3 71. Qxe6 Qc1+ 72. Ke2 Qb2+ 73. Kd1 Qa1+ 74. Kc2 Qxa4+ 
75. Kd2 Qb4+ 76. Ke2 Qb1 77. Qe3+ Kh4 78. Qe5 Kxh3 79. f5 Qc2+ 80. Kf3 Qd1+ 
81. Kf4 Qf1+ 82. Kg5 Qg2+ 83. Kh6 Qd2+ 84. Kh5 c3 85. f6 c2 86. Qf5+ Kg2 
87. f7 Qd1+ 88. Qg4+ Kh1 89. f8=Q Qxg4+ 90. Kxg4 c1=Q 91. Qh8+ 1/2-1/2

[Event "Friday 13 April Rapid ET, 12+2, 7 rds, 16.00 ST"]
[Site "Infinity Chess"]
[Date "2018.4.13"]
[Round "3"]
[White "KQRBNP"]
[Black "Marsell"]
[Result "1/2-1/2"]
[ECO "D02"]
[WhiteElo "2396"]
[BlackElo "2443"]
[WhiteEngine "Eman 1.70-beta20 64-bit POPCNT"]
[BlackEngine "BrainFish_180408_x64_bmi2"]
[EventType "Swiss"]
[WhiteTeam ""]
[BlackTeam ""]
[PlyCount "50"]
[TimeControl "720+2"]

1. d4 d5 2. Nf3 Nf6 3. c4 c6 4. e3 e6 5. b3 c5 6. Bb2 cxd4 7. Qxd4 Nc6 
8. Qd1 Be7 9. cxd5 Qxd5 10. Qxd5 exd5 11. Nc3 O-O 12. h3 Be6 13. Bd3 Nd7 
14. Rc1 Nc5 15. Bc2 Rfd8 16. O-O d4 17. exd4 Nxd4 18. Nxd4 Rxd4 19. Ne2 Rd7 
20. Nd4 Bd5 21. Rfd1 Rad8 22. Bf5 Be6 23. Bc2 Bd5 24. Bf5 Be6 25. Bc2 Bd5 
1/2-1/2

[Event "Friday 13 April Rapid ET, 12+2, 7 rds, 16.00 ST"]
[Site "Infinity Chess"]
[Date "2018.4.13"]
[Round "3"]
[White "Murx"]
[Black "OlivierEvan"]
[Result "1/2-1/2"]
[ECO "A22"]
[WhiteElo "2449"]
[BlackElo "2402"]
[WhiteEngine "asmFishW_2018-04-07_popcnt"]
[BlackEngine "Houdini 6"]
[EventType "Swiss"]
[WhiteTeam ""]
[BlackTeam ""]
[PlyCount "147"]
[TimeControl "720+2"]

1. c4 e5 2. Nc3 Nf6 3. Nf3 Nc6 4. g3 Bb4 5. Bg2 O-O 6. O-O d6 7. d3 h6 
8. Nd5 Nxd5 9. cxd5 Ne7 10. d4 e4 11. Nd2 Nxd5 12. Nxe4 c6 13. Nd2 Bg4 
14. Nb3 Qe7 15. f3 Ne3 16. Qd3 Nxg2 17. Kxg2 Be6 18. a3 Bxb3 19. Qxb3 Ba5 
20. e4 Qe6 21. Qxe6 fxe6 22. Bf4 Rad8 23. Be3 Rd7 24. h4 Bb6 25. Kf2 g5 
26. h5 Kf7 27. Rad1 Ke8 28. Kg2 e5 29. Rfe1 exd4 30. Bxd4 Bxd4 31. Rxd4 Kd8 
32. Rd3 Ke7 33. Kh3 Ke6 34. Kg4 Ke5 35. Rc3 a6 36. Rce3 a5 37. Rb3 a4 
38. Rc3 Rdd8 39. Rc4 Ra8 40. Rd1 Rf6 41. Rd2 Rf7 42. Rcd4 Rf6 43. Rb4 Rf7 
44. Rdd4 Raf8 45. Rd3 Ra8 46. Rbd4 Rf6 47. Rd2 Ra6 48. Rd1 Ra5 49. Rb4 Rf7 
50. Rc1 Ra6 51. Rc2 c5 52. Rbc4 b5 53. R4c3 b4 54. Rd3 bxa3 55. bxa3 Rb6 
56. Rd5+ Ke6 57. Rf5 Rxf5 58. exf5+ Kf6 59. f4 gxf4 60. Kxf4 Rb1 61. g4 Rf1+ 
62. Ke3 Kg5 63. Rc4 d5 64. Rxc5 Kxg4 65. Rxd5 Kxh5 66. Ke2 Rf4 67. Ke3 Kg4 
68. Rd6 h5 69. f6 Kg3 70. Rd5 Rxf6 71. Rxh5 Rf3+ 72. Kd4 Rxa3 73. Rf5 Kg4 
74. Rf6 1/2-1/2